AoeStats
← Louis1453

Arena

510370875Analyzed
3v3 RM · 1d ago on Sep 30, 2026· 46m 28s· 6 players
Game mode
Random Map
Map size
Normal (6 player)
Population
200
Speed
Normal
Resources
Standard
Victory
Conquest
Starting age
Dark Age
Ending age
Imperial Age
RankedLock teamsTeams togetherTeam positionsShared explorationLock speedFull tech treeHidden civsTurbo modeCheats
Victory
Defeat
🇩🇪 Teutons · Germany
1160
+13
🇩🇪 Bohemians · Germany
1131
+14
🇩🇪 Vietnamese · Germany
1119
+15
🇩🇪 Malians · Germany
1217
-19
🇩🇪 Spanish · Germany
1098
-14
🇩🇪 Khmer · Germany
959
-9
massimo_oddo
10:28 Feudal Age
14:19 Castle Age
12:56 Loom
13:24 Double-Bit Axe
13:21 Horse Collar
16:35 Bow Saw
22:07 Scale Mail Armor
24:40 Forging
27:29 Wheelbarrow
29:37 Gold Mining
32:43 Imperial Age
30:39 Stone Mining
31:10 Scale Barding Armor
31:17 Bloodlines
32:25 Husbandry
32:47 Chain Barding Armor
32:21 Fletching
34:28 Chemistry
35:12 Conscription
35:28 Heavy Camel Rider
36:12 Farimba
36:12 Cavalier
40:10 Plate Barding Armor
41:44 Iron Casting
41:50 Atonement
41:14 Light Cavalry
41:51 Bodkin Arrow
42:05 Heavy Plow
45:33 Hand Cart
45:03 Town Watch
Kandinsky
8:53 Loom
11:25 Feudal Age
12:23 Horse Collar
12:30 Double-Bit Axe
15:07 Wheelbarrow
19:07 Castle Age
17:44 Padded Archer Armor
17:38 Town Watch
18:18 Forging
18:03 Gold Mining
19:51 Heavy Plow
20:04 Bow Saw
20:04 Stone Mining
21:08 Leather Archer Armor
26:33 Hand Cart
31:35 Imperial Age
29:36 Bloodlines
29:27 Husbandry
30:58 Iron Casting
30:29 Scale Barding Armor
32:09 Light Cavalry
33:25 Squires
34:30 Blast Furnace
36:44 Stone Shaft Mining
37:48 Chemistry
37:28 Chain Barding Armor
38:04 Ring Archer Armor
37:30 Elite Skirmisher
37:54 Hussar
39:05 Thumb Ring
42:58 Plate Barding Armor
42:24 Scale Mail Armor
42:15 Fletching
43:28 Bombard Tower
43:29 Ballistics
43:24 Masonry
45:22 Two-Man Saw
45:03 Chain Mail Armor
45:30 Bodkin Arrow
45:00 Pikeman
Cashflow21
9:30 Loom
11:16 Feudal Age
14:45 Castle Age
13:16 Double-Bit Axe
15:27 Wheelbarrow
14:42 Horse Collar
15:27 Heavy Plow
16:41 Bow Saw
19:11 Gold Mining
19:12 Stone Mining
24:34 Hand Cart
24:35 Husbandry
25:59 Gold Shaft Mining
26:34 Bloodlines
28:57 Scale Barding Armor
29:03 Forging
29:59 Tusk Swords
30:24 Chain Barding Armor
33:09 Imperial Age
31:55 Stone Shaft Mining
32:00 Iron Casting
34:17 Conscription
33:43 Heavy Scorpion
35:34 Double Crossbow
36:06 Elite Battle Elephant
40:51 Elite Ballista Elephant
Louis1453
11:38 Feudal Age
12:04 Double-Bit Axe
12:01 Horse Collar
16:07 Castle Age
15:24 Wheelbarrow
14:35 Loom
19:03 Gold Mining
20:03 Loom
20:57 Hand Cart
21:59 Bloodlines
21:56 Scale Barding Armor
22:02 Forging
28:21 Chain Barding Armor
28:37 Iron Casting
33:07 Imperial Age
33:18 Cavalier
36:43 Blast Furnace
38:44 Guilds
38:09 Paladin
Timbaud
10:45 Feudal Age
15:34 Castle Age
15:54 Stone Mining
17:46 Double-Bit Axe
21:29 Scale Mail Armor
22:46 Man-at-Arms
24:06 Long Swordsman
25:51 Wheelbarrow
25:46 Horse Collar
27:10 Gold Mining
27:31 Arson
27:59 Forging
28:05 Chain Mail Armor
29:48 Bow Saw
32:27 Imperial Age
31:03 Hand Cart
31:11 Squires
33:07 Iron Casting
33:05 Fletching
33:16 Padded Archer Armor
34:32 Bodkin Arrow
36:56 Plate Mail Armor
36:28 Bracer
36:44 Leather Archer Armor
38:06 Ballistics
38:00 Pikeman
40:02 Halberdier
41:56 Ring Archer Armor
42:21 Paper Money
42:07 Elite Rattan Archer
Commander Fab
8:21 Loom
10:08 Feudal Age
14:28 Castle Age
14:14 Wheelbarrow
13:42 Double-Bit Axe
13:38 Horse Collar
16:16 Fervor
16:24 Bow Saw
16:21 Heavy Plow
19:30 Sanctity
21:12 Hand Cart
27:16 Imperial Age
26:27 Chemistry
25:29 Padded Archer Armor
25:29 Loom
25:29 Town Watch
26:27 Leather Archer Armor
28:03 Scale Mail Armor
28:05 Squires
28:17 Forging
29:49 Conscription
29:47 Chain Mail Armor
30:52 Coinage
31:24 Siege Engineers
33:34 Two-Man Saw
33:40 Banking
34:01 Plate Mail Armor
32:55 Pikeman
34:14 Masonry
34:09 Halberdier
36:02 Houfnice
40:24 Iron Casting
41:29 Architecture
44:16 Ring Archer Armor
44:46 Blast Furnace
43:51 Elite Hussite Wagon
44:43 Wagenburg Tactics
45:19 Elite Skirmisher
Connection lost

Rejoining the realm…

Still unreachable

The connection could not be restored.

Session expired

The server has moved on; the page needs a fresh start.